 Dungeon Crawl Stone Soup version 0.27.1 (webtiles) character file.

Game seed: 5815337472634763857

77200 bnorton916 the Devastator (level 15, -9/86 HPs)
             Began as a Deep Elf Conjurer on Aug 27, 2021.
             Was a High Priest of Vehumet.
             Shot with a bolt by a yaktaur (31 damage)
             ... on level 14 of the Dungeon.
             The game lasted 01:16:24 (39877 turns).

bnorton916 the Devastator (Deep Elf Conjurer)      Turns: 39877, Time: 01:16:24

Health: -9/86      AC:  8    Str: 12    XL:     15   Next: 14%
Magic:  25/41      EV: 15    Int: 33    God:    Vehumet [*****.]
Gold:   19         SH:  0    Dex: 13    Spells: 0/36 levels left

rFire    . . .     SeeInvis .   e - +2 dagger (venom)
rCold    . . .     Faith    +   (no shield)
rNeg     + . .     Spirit   .   Z - +2 leather armour "Titwimiu" {rElec rN+ Str+5}
rPois    .         Reflect  .   k - +1 hat
rElec    +         Harm     .   X - +0 cloak
rCorr    .         Rampage  .   (no gloves)
Will     +....                  H - +0 pair of boots
Stlth    ++........             h - amulet of faith
HPRegen  0.24/turn              p - +6 ring of intelligence
MPRegen  0.27/turn              I - ring of magical power

@: studying Crossbows
A: no striking features
a: Renounce Religion


You were on level 14 of the Dungeon.
You worshipped Vehumet.
Vehumet was extremely pleased with you.
You visited 3 branches of the dungeon, and saw 21 of its levels.
You visited 1 bazaar.
You also visited: Sewer and Bailey.

You collected 2264 gold pieces.
You spent 2245 gold pieces at shops.

Inventory:

Hand Weapons
 e - a +2 dagger of venom (weapon)
Missiles
 g - 490 stones
 V - 7 curare-tipped darts
Armour
 k - a +1 hat (worn)
 A - a +3 leather armour of cold resistance
 H - a +0 pair of boots (worn)
 X - a +0 cloak (worn)
 Z - the +2 leather armour "Titwimiu" (worn) {rElec rN+ Str+5}
   (You found it on level 2 of the Lair of Beasts)

   Str:       It affects your strength (+5).
   rElec:     It insulates you from electricity.
   rN:        It protects you from negative energy.
Jewellery
 h - an amulet of faith (around neck)
 p - a +6 ring of intelligence (left hand)
 y - a ring of resist corrosion
 z - a ring of willpower
 E - a ring of flight
 F - a +4 ring of evasion
 I - a ring of magical power (right hand)
 J - a +6 ring of dexterity
Wands
 j - a wand of iceblast (4)
 r - a wand of polymorph (38)
 v - a wand of mindburst (7)
 L - a wand of flame (60)
 W - a wand of paralysis (20)
Scrolls
 a - a scroll of enchant weapon
 b - 4 scrolls of magic mapping
 c - a scroll of amnesia
 f - 5 scrolls of teleportation
 i - 3 scrolls of fog
 l - 4 scrolls of blinking
 K - 2 scrolls of brand weapon
 N - 3 scrolls of summoning
Potions
 m - 9 potions of flight
 n - 17 potions of curing
 o - a potion of ambrosia
 q - 3 potions of resistance
 s - a potion of invisibility
 t - a potion of brilliance
 w - 7 potions of magic
 x - 7 potions of might
 D - 4 potions of haste
 P - 3 potions of cancellation
 T - 4 potions of berserk rage


   Skills:
 - Level 7.0 Fighting
 + Level 2.1 Crossbows
 - Level 4.0 Armour
 - Level 8.4 Dodging
 - Level 2.4 Stealth
 - Level 11.2 Spellcasting
 + Level 18.8 Conjurations
 - Level 7.2 Hexes
 - Level 6.0 Translocations
 + Level 14.3 Fire Magic
 - Level 6.8 Ice Magic
 - Level 2.0 Air Magic
 - Level 2.5 Evocations


You couldn't memorise any spells.
You knew the following spells:

 Your Spells              Type           Power      Damage    Failure   Level
a - Orb of Destruction    Conj           48%        9d15      1%          7
b - Searing Ray           Conj           100%       3d7       0%          2
c - Fulminant Prism       Conj/Hex       40%        3d20      1%          4
d - Iskenderun's Mystic   Conj/Tloc      79%        2d16      1%          4
e - Fireball              Conj/Fire      45%        3d18      1%          5
f - Freezing Cloud        Conj/Ice/Air   34%        6-21      1%          5
g - Fire Storm            Conj/Fire      45%        8d12      63%         9

Your spell library contained the following spells:

 Spells                   Type           Power      Damage    Failure   Level
 Lee's Rapid Deconstruct  Erth           9%         3d8*      22%         5
 Foxfire                  Conj/Fire      100%       2x1d9     0%          1
 Magic Dart               Conj           100%       1d8       0%          1
 Corona                   Hex            66%        N/A       1%          1
 Ensorcelled Hibernation  Hex/Ice        100%       N/A       1%          2
 Slow                     Hex            60%        N/A       1%          2
 Static Discharge         Conj/Air       72%        N/A       1%          2
 Confusing Touch          Hex            60%        N/A       1%          3
 Dazzling Flash           Conj/Hex       100%       N/A       1%          3
 Frozen Ramparts          Ice            100%       1d12      1%          3
 Ozocubu's Armour         Ice            59%        N/A       1%          3
 Tukima's Dance           Hex            60%        N/A       1%          3
 Sticky Flame             Conj/Fire      91%        2d10      1%          4
 Bolt of Magma            Conj/Fire/Erth 37%        4d16      1%          5
 Iskenderun's Battlesphe  Conj           97%        2d14      1%          5
 Conjure Ball Lightning   Conj/Air       36%        3x3d12    1%          6
 Passage of Golubria      Tloc           N/A        N/A       2%          4
 Animate Skeleton         Necr           36%        N/A       3%          1
 Pain                     Necr           72%        1d7       3%          1
 Passwall                 Tmut/Erth      15%        N/A       4%          2
 Swiftness                Air            31%        N/A       4%          3
 Yara's Violent Unravell  Hex/Tmut       21%        3d10      5%          5
 Ice Form                 Ice/Tmut       41%        N/A       8%          4
 Leda's Liquefaction      Hex/Erth       21%        N/A       8%          4
 Summon Ice Beast         Ice/Summ       41%        N/A       8%          4
 Vampiric Draining        Necr           9%         2d7       10%         3
 Summon Forest            Summ/Tloc      19%        N/A       26%         5
 Invisibility             Hex            30%        N/A       26%         6
 Dispel Undead            Necr           18%        3d11      32%         4
 Ozocubu's Refrigeration  Ice            29%        4d10      38%         7
 Eringya's Noxious Bog    Tmut/Pois      9%         N/A       73%         6
 Simulacrum               Ice/Necr       20%        N/A       77%         6
 Statue Form              Tmut/Erth      12%        N/A       99%         6
 Malign Gateway           Summ/Tloc      19%        N/A       100%        7
 Summon Hydra             Summ           9%         N/A       100%        7
 Summon Horrible Things   Summ           9%         N/A       100%        8
 Chain Lightning          Conj/Air       36%        3d48      100%        9
 Polar Vortex             Ice            29%        N/A       100%        9


Dungeon Overview and Level Annotations

Branches:
Dungeon (12/15)            Temple (0/1) D:7            Lair (6/6) D:11
 Shoals (0/4) Lair:2       Spider (0/4) Lair:3        Slime (0/5) Lair:5
    Orc (2/2) D:10            Elf (0/3) Orc:2         Sewer (visited)
 Bailey (visited)

Altars:
Ashenzari
Makhleb
Nemelex Xobeh
Qazlal
Ru
Sif Muna
Trog
Uskayaw
Vehumet
Yredelemnul
Beogh

Shops:
D:4 !   D:7 :   D:11 :   Orc:2 :((=

Portals:
Trove: D:10 (show slimy rune of Zot)


Message History

Press: ? - help, Shift-Dir - straight line, f - centaur warrior
Aim: a centaur warrior, quivering arrows (heavily wounded, 87% to hit)
The searing ray hits the centaur warrior!
The centaur warrior is heavily wounded. (Press . to maintain the ray.)
The centaur warrior misses you.
The centaur warrior kicks you but does no damage.
The searing ray hits the centaur warrior.
The centaur warrior is severely wounded.
The centaur warrior hits you! The centaur warrior kicks you.
The centaur warrior hits you!
* * * LOW HITPOINT WARNING * * *
The centaur warrior kicks you but does no damage.
The searing ray hits the centaur warrior.
The centaur warrior is severely wounded.
The centaur warrior hits you.
* * * LOW HITPOINT WARNING * * *
The centaur warrior kicks you.
* * * LOW HITPOINT WARNING * * *
You feel much better. The centaur warrior hits you!
The centaur warrior kicks you but does no damage.
The centaur warrior hits you!
* * * LOW HITPOINT WARNING * * *
The centaur warrior kicks you.
* * * LOW HITPOINT WARNING * * *
Casting: Searing Ray (safe; 0% risk of failure)
Confirm with . or Enter, or press ? or * to list all spells.
Aiming: Orb of Destruction (dangerous; 1% risk of failure)
Press: ? - help, Shift-Dir - straight line, f/p - centaur warrior
Aim: a centaur warrior, quivering arrows (severely wounded)
The wavering orb of destruction weakly hits the centaur warrior!!!
You blow up the centaur warrior!
Vehumet accepts your kill.
Your Crossbows skill increases to level 2!
You start resting.
A yaktaur comes into view.
The yaktaur shouts!
You hear a shout!
The yaktaur wields a +0 arbalest.
The yaktaur shoots a bolt.
The bolt hits you!!
You die...

## ..#.# ## .. #....
..# #. #.#.# #.# #.
#.#.# #.# #c #.#.#
#.# ######.##.#.#
#.#
........:)#.####.###
#$.@....##.....#
#..####.##.#.#.###.#
#.. #............#
#.. ####.#.#.#####
#.. #...!.# #..
###.### #.. #†#
#..### #.# ...# #.#


You could see a yaktaur.

Vanquished Creatures
  The ghost of Panli the Archer, a journeyman CeAM of Okawaru (Lair:5)
  2 boulder beetles
  6 hydras
  A centaur warrior (D:14)
  The ghost of belegose the Demolition Frog, a journeyman BaWr of Makhleb (D:9)
  Harold (D:9)
  A catoblepas (Lair:6)
  7 two-headed ogres
  A deep troll shaman (Lair:6)
  6 death yaks
  5 orc high priests (Orc:2)
  A tengu warrior (D:9)
  Sonja (Lair:3)
  13 orc knights
  An oklob plant (Lair:2)
  An orc sorcerer (Orc:1)
  2 ugly things
  A cyclops (D:14)
  A manticore (D:14)
  9 elephants
  5 black mambas
  A merfolk siren (Lair:2)
  A moth of wrath (D:9)
  2 gargoyles
  3 kobold demonologists
  5 rime drakes
  20 cane toads
  10 komodo dragons
  3 trolls
  5 polar bears
  2 hornets
  20 blink frogs
  2 slime creatures (D:14)
  2 dream sheep (Lair:4)
  A redback (Lair:3)
  Sigmund (D:5)
  A vampire (D:10)
  5 wyverns
  A hog (shapeshifter) (D:14)
  32 yaks
  2 basilisks
  2 steam dragons
  Edmund (D:5)
  3 wargs
  6 vampire mosquitoes
  An acid dragon (D:11)
  19 water moccasins
  2 hell hounds (Lair:2)
  An ice beast (D:5)
  44 orc warriors
  A necrophage (D:6)
  5 ogres
  7 black bears
  18 wolves
  8 centaurs
  2 kobold brigands (D:11)
  12 bullfrogs
  2 scorpions
  A wyvern skeleton (D:6)
  A water moccasin skeleton (D:5)
  5 wights (D:8)
  8 howler monkeys
  A bullfrog zombie (D:5)
  A jelly (Lair:5)
  A centaur skeleton (D:7)
  3 centaur zombies
  A bullfrog skeleton (D:5)
  4 hounds
  31 orc priests
  An iguana (D:6)
  Ijyb (D:4)
  20 orc wizards
  A killer bee zombie (D:9)
  7 gnolls
  A howler monkey skeleton (D:7)
  7 adders
  2 river rats (D:4)
  2 shadow imps
  3 white imps
  2 ufetubi (D:7)
  3 dart slugs
  3 worms (Sewer)
  127 orcs
  14 endoplasms
  2 giant cockroaches
  5 goblins
  6 hobgoblins
  4 jackals (Sewer)
  9 kobolds
  4 quokkas
  11 ball pythons
  15 bats
  4 frilled lizards
  10 rats
  2 bushes (Lair:6)
  2 butterflies (Lair:6)
645 creatures vanquished.

Vanquished Creatures (others)
  26 foxfires
  34 fulminant prisms
  91 fungi
  162 plants
313 creatures vanquished.

Grand Total: 958 creatures vanquished

Notes
Turn   | Place    | Note
-------+----------+-------------------------------------------
     0 | D:1      | bnorton916 the Deep Elf Conjurer began the quest for the
                  | Orb.
     0 | D:1      | Reached XP level 1. HP: 10/10 MP: 6/6
   250 | D:1      | Reached XP level 2. HP: 15/15 MP: 3/8
   703 | D:1      | Found a faded altar of an unknown god.
   967 | D:1      | Learned a level 2 spell: Searing Ray
  1162 | D:2      | Reached skill level 5 in Conjurations
  1162 | D:2      | Reached XP level 3. HP: 13/19 MP: 4/10
  1530 | D:2      | Reached XP level 4. HP: 24/24 MP: 3/12
  1777 | D:2      | Found a bloodstained altar of Trog.
  2140 | D:3      | Reached skill level 5 in Spellcasting
  2507 | D:3      | Reached XP level 5. HP: 28/28 MP: 8/14
  2604 | D:3      | Learned a level 4 spell: Fulminant Prism
  2908 | D:3      | Learned a level 4 spell: Iskenderun's Mystic Blast
  2976 | D:3      | Found a radiant altar of Vehumet.
  3085 | D:3      | Became a worshipper of Vehumet
  3387 | D:4      | Noticed an ogre
  3392 | D:4      | Killed an ogre
  3464 | D:4      | Noticed Ijyb
  3472 | D:4      | Killed Ijyb
  3473 | D:4      | Reached XP level 6. HP: 32/32 MP: 10/16
  3551 | D:4      | Found a glowing drain.
  3558 | Sewer    | Entered a sewer
  4190 | Sewer    | Reached * piety under Vehumet
  4190 | Sewer    | Offered knowledge of Shock by Vehumet.
  5623 | D:4      | Found Qacvop's Distillery.
  5627 | D:4      | Bought 2 potions of curing for 60 gold pieces
  5627 | D:4      | Bought a potion of magic for 80 gold pieces
  5627 | D:4      | Bought a potion of might for 40 gold pieces
  5823 | D:5      | Entered Level 5 of the Dungeon
  5823 | D:5      | Noticed an ice beast
  5924 | D:5      | Killed an ice beast
  5925 | D:5      | Reached skill level 5 in Hexes
  5925 | D:5      | Reached XP level 7. HP: 28/36 MP: 11/17
  6486 | D:5      | Reached skill level 5 in Translocations
  6531 | D:5      | Offered knowledge of Foxfire by Vehumet.
  6670 | D:5      | Learned a level 1 spell: Foxfire
  6712 | D:5      | Reached ** piety under Vehumet
  6752 | D:5      | Noticed Edmund
  7080 | D:5      | Reached skill level 1 in Fire Magic
  7080 | D:5      | Reached skill level 1 in Evocations
  7084 | D:5      | Reached XP level 8. HP: 41/41 MP: 11/18
  7279 | D:5      | Killed Edmund
  7611 | D:5      | Noticed Sigmund
  7619 | D:5      | Killed Sigmund
  7883 | D:6      | Reached skill level 1 in Armour
  8978 | D:7      | Reached skill level 5 in Fire Magic
  8978 | D:7      | Reached XP level 9. HP: 5/45 MP: 2/19
  9242 | D:7      | Offered knowledge of Poisonous Vapours by Vehumet.
  9849 | D:7      | Found Geuq Wyu's Self-Improvement Boutique.
 10170 | D:7      | Found a staircase to the Ecumenical Temple.
 10267 | D:7      | Reached *** piety under Vehumet
 10388 | D:7      | Found a shimmering blue altar of Sif Muna.
 10389 | D:7      | Found a basalt altar of Yredelemnul.
 10429 | D:7      | Found a sparkling altar of Nemelex Xobeh.
 10527 | D:8      | Reached skill level 1 in Fighting
 10755 | D:8      | Offered knowledge of Inner Flame by Vehumet.
 10857 | D:8      | Found a flagged portal.
 10863 | D:8      | Identified the +9 halberd of Untruth {vorpal, Drain rF+
                  | MP+9}
 10946 | Bailey   | Entered a bailey
 11136 | Bailey   | Reached skill level 5 in Dodging
 11138 | Bailey   | Reached **** piety under Vehumet
 11444 | Bailey   | Reached skill level 5 in Fighting
 11444 | Bailey   | Reached skill level 8 in Conjurations
 11444 | Bailey   | Reached XP level 10. HP: 59/59 MP: 19/24
 11450 | Bailey   | Offered knowledge of Freezing Cloud by Vehumet.
 11450 | Bailey   | Noticed an orc knight
 11487 | Bailey   | Killed an orc knight
 11578 | Bailey   | Noticed an orc knight
 11585 | Bailey   | Killed an orc knight
 11789 | Bailey   | Noticed an orc knight
 11796 | Bailey   | Killed an orc knight
 11936 | Bailey   | Noticed an orc knight
 11950 | Bailey   | Killed an orc knight
 11951 | Bailey   | Reached XP level 11. HP: 66/66 MP: 5/25
 12133 | Bailey   | Acquired a book of the Spheres
 12141 | Bailey   | Learned a level 5 spell: Freezing Cloud
 12809 | D:9      | Reached skill level 1 in Ice Magic
 12809 | D:9      | Reached skill level 1 in Air Magic
 12841 | D:9      | Noticed Harold
 12851 | D:9      | Killed Harold
 12865 | D:9      | Noticed a two-headed ogre
 12870 | D:9      | Killed a two-headed ogre
 12875 | D:9      | Reached skill level 9 in Conjurations
 13566 | D:9      | Found a sacrificial altar of Ru.
 13626 | D:9      | Found a hide-covered altar of Uskayaw.
 13792 | D:9      | Found a transporter.
 13793 | D:9      | Found a bloodstained altar of Trog.
 13793 | D:9      | Noticed belegose's ghost (journeyman BaWr)
 13794 | D:9      | Noticed a two-headed ogre
 13799 | D:9      | Found a transporter.
 13805 | D:9      | Noticed a tengu warrior
 13806 | D:9      | Noticed a two-headed ogre
 14295 | D:9      | You fall into a shaft and drop 1 floor!
 14295 | D:10     | Entered Level 10 of the Dungeon
 14295 | D:10     | Found a broken altar of Ashenzari.
 14373 | D:10     | Reached ***** piety under Vehumet
 14374 | D:10     | Reached skill level 5 in Ice Magic
 14425 | D:10     | Noticed a white ugly thing
 14427 | D:10     | Offered knowledge of Eringya's Noxious Bog by Vehumet.
 14438 | D:10     | Killed a white ugly thing
 14439 | D:10     | Reached skill level 10 in Conjurations
 14997 | D:10     | Found a portal to a secret trove of treasure.
 15022 | D:10     | Found a staircase to the Orcish Mines.
 15438 | D:10     | Found a burning altar of Makhleb.
 15440 | D:10     | Found a stormy altar of Qazlal.
 15604 | D:10     | Noticed a white ugly thing
 16433 | D:11     | Noticed a two-headed ogre
 16443 | D:11     | Killed a two-headed ogre
 16711 | D:11     | Found Foyl's Book Shop.
 16739 | D:11     | Learned a level 5 spell: Fireball
 16751 | D:11     | Noticed a two-headed ogre
 16759 | D:11     | Reached XP level 12. HP: 68/72 MP: 11/26
 16761 | D:11     | Reached skill level 11 in Conjurations
 16768 | D:11     | Killed a two-headed ogre
 17027 | D:11     | Noticed a two-headed ogre
 17032 | D:11     | Killed a two-headed ogre
 17825 | D:11     | Reached skill level 12 in Conjurations
 18205 | D:11     | Found a staircase to the Lair.
 18379 | Lair:1   | Entered Level 1 of the Lair of Beasts
 18629 | Lair:1   | Reached skill level 13 in Conjurations
 19225 | Lair:1   | Reached skill level 14 in Conjurations
 20289 | Lair:2   | Noticed a four-headed hydra
 20311 | Lair:1   | Killed a four-headed hydra
 20608 | Lair:2   | Found a radiant altar of Vehumet.
 20668 | Lair:2   | Noticed a seven-headed hydra
 20675 | Lair:2   | Killed a seven-headed hydra
 20926 | Lair:1   | Offered knowledge of Lightning Bolt by Vehumet.
 20927 | Lair:1   | Reached XP level 13. HP: 41/76 MP: 23/27
 21199 | Lair:2   | Reached skill level 15 in Conjurations
 21726 | Lair:2   | Identified the +2 leather armour "Titwimiu" {rElec rN+
                  | Str+5}
 22059 | Lair:1   | Learned a level 7 spell: Orb of Destruction
 22564 | Lair:2   | Found a staircase to the Shoals.
 23716 | Lair:3   | Found a hole to the Spider Nest.
 23787 | Lair:3   | Noticed Sonja
 23790 | Lair:3   | Killed Sonja
 23791 | Lair:3   | Reached skill level 16 in Conjurations
 24286 | Lair:3   | Found the +5 sword of Power {vorpal}
 25235 | Lair:4   | Offered knowledge of Bolt of Magma by Vehumet.
 25241 | Lair:4   | Reached skill level 17 in Conjurations
 27952 | Lair:5   | Found a staircase to the Slime Pits.
 28546 | D:9      | Killed belegose's ghost
 28967 | D:9      | Reached skill level 18 in Conjurations
 29213 | Lair:5   | Reached XP level 14. HP: 54/82 MP: 18/28
 29451 | Lair:5   | Found a runed translucent door.
 29452 | Lair:5   | Noticed Panli's ghost (journeyman CeAM)
 29459 | Lair:5   | Killed Panli's ghost
 29986 | Lair:6   | Entered Level 6 of the Lair of Beasts
 32094 | Lair:6   | Reached skill level 10 in Spellcasting
 32767 | Lair:6   | Offered knowledge of Starburst by Vehumet.
 33067 | D:7      | Bought a manual of Fire Magic for 960 gold pieces
 34089 | Lair:6   | Identified the +1 leather armour of Green Fun {rElec Dex+2}
 34532 | Orc:1    | Entered Level 1 of the Orcish Mines
 34937 | Orc:2    | Entered Level 2 of the Orcish Mines
 35060 | Orc:2    | Reached skill level 10 in Fire Magic
 36217 | Orc:2    | Offered knowledge of Lee's Rapid Deconstruction by Vehumet.
 37765 | Orc:2    | Found a staircase to the Elven Halls.
 38501 | Orc:2    | Reached XP level 15. HP: 86/86 MP: 32/32
 38979 | Orc:2    | Found Leaca's Jewellery Shoppe.
 38979 | Orc:2    | Found Xouraso's Book Shoppe.
 38980 | Orc:2    | Found Oqijest's Antique Weapon Emporium.
 38980 | Orc:2    | Found Paed's Weapon Shoppe.
 39267 | D:11     | Bought a book of Annihilations for 560 gold pieces
 39280 | D:11     | Learned a level 9 spell: Fire Storm
 39306 | D:12     | Found a flickering gateway to a bazaar.
 39315 | Bazaar   | Entered a bazaar
 39504 | Bazaar   | Found Kunioz's Magic Scroll Shoppe.
 39521 | Bazaar   | Found Keun's Armour Shoppe.
 39521 | Bazaar   | Found Efarif's Distillery.
 39570 | Bazaar   | Bought a scroll of magic mapping for 35 gold pieces
 39570 | Bazaar   | Bought a scroll of fog for 20 gold pieces
 39570 | Bazaar   | Bought a scroll of amnesia for 35 gold pieces
 39586 | Bazaar   | Bought a potion of heal wounds for 65 gold pieces
 39586 | Bazaar   | Bought a potion of magic for 104 gold pieces
 39586 | Bazaar   | Bought a potion of resistance for 130 gold pieces
 39586 | Bazaar   | Bought a potion of curing for 39 gold pieces
 39586 | Bazaar   | Bought a potion of curing for 39 gold pieces
 39598 | Bazaar   | Bought a potion of curing for 39 gold pieces
 39598 | Bazaar   | Bought a potion of curing for 39 gold pieces
 39653 | D:12     | You fall into a shaft and drop 2 floors!
 39661 | D:14     | Reached skill level 1 in Crossbows
 39877 | D:14     | Shot with a bolt by a yaktaur

Illustrated notes

Levels and vault maps discovered:
D:1:      lightli_arrival_chessboard, layout_loops_ring,
          chequers_ecumenical_altar_simple
D:2:      layout_loops_ring, basic_altar, minmay_heptomino_d4
D:3:      layout_basic, lemuel_doored_altar
D:4:      layout_loops_cross, lightli_sewer_entry_pipes, serial_shops,
          kennysheep_mini_moat, minmay_cupped, uniq_ijyb
D:5:      layout_basic, kennysheep_cross_bottleneck, kennysheep_diamond,
          supply_closet_lemuel, sigmund_edmund_badplayer
D:6:      layout_rooms
D:7:      layout_cave_pools, mainiacjoe_overflow_divided_tiny,
          nemelex_diamond_rough_becter, temple_hall, serial_column_ruins,
          column_ruins_corridor_straight, column_ruins_open_small,
          column_ruins_columns_straight, nicolae_shop_self_help
D:8:      layout_cave_pods, enter_bailey_2, solitary_fountain, st_stairs_11
D:9:      minmay_recursive_quarters, layout_basic,
          mainiacjoe_overflow_large_starburst,
          gammafunk_ghost_wrathful_warriors, uniq_harold
D:10:     layout_roguey, chequers_temple_overflow_statue_of_worship,
          nicolae_ashenzari_panopticon, orc_0_dummy, enter_trove_1,
          interstate_on_off, st_stairs_6
D:11:     layout_cross, due_lair_maze_entry_diamond, serial_shops,
          kennysheep_mini
D:12:     layout_irregular_city, serial_shops, bzr_firewalk, uniq_maurice
D:14:     layout_loops_ring, erik_vaults_2, nicolae_uskayaw_dance_hall,
          nrook_mini_vaults, tso_metal_star, uniq_roxanne
Lair:1:   layout_small_grid
Lair:2:   layout_hall_layers, minmay_shoals_entry_lonely_mermaid,
          enter_volcano_3, fungi_pond_lemuel, chequers_serial_rivers_micro_b,
          lemuel_oklob_altar, lemuel_fruit_fields
Lair:3:   layout_regular_city, spider_nest_entry_rubble, serial_forest,
          infiniplex_forest_clump_curved, infiniplex_forest_clump_double,
          infiniplex_forest_straight_3, infiniplex_forest_clump_diagonal,
          infiniplex_forest_straight_3, infiniplex_forest_lined_3,
          infiniplex_forest_corner_1, infiniplex_staircase_pool_2, uniq_sonja
Lair:4:   nzn_winding_woodlands_stair_trap [nzn_winding_woodlands_5x15_parted,
          nzn_winding_woodlands_5x15_default,
          nzn_winding_woodlands_5x15_pockets,
          nzn_winding_woodlands_15x15_killbox, nzn_winding_woodlands_5x15_eye,
          nzn_winding_woodlands_5x15_longhouse,
          nzn_winding_woodlands_5x15_cabin], layout_small_grid,
          cheibrodos_lair_caveside_slide, serial_bayou_pond_d
Lair:5:   layout_cave_pods, nicolae_slime_entry_slimehenge,
          ebering_ghost_reflecting_pool
Lair:6:   grunt_lair_end_beastmaster, layout_regular_city, serial_forest,
          infiniplex_forest_end_3, infiniplex_forest_lined_2,
          infiniplex_forest_clump_long, infiniplex_forest_clump_C,
          infiniplex_forest_end_2, lemuel_fruit_fields
Orc:1:    layout_caves, basic_altar, nicolae_orc_flooded_monolith,
          nicolae_orc_lava_room
Orc:2:    st_orc_pillars, layout_diamond_mine

Skill      XL: |  1  2  3  4  5  6  7  8  9 10 11 12 13 14 15 |
---------------+----------------------------------------------+-----
Spellcasting   | 4 5 8 11 | 11.2
Conjurations   | 5 8 10 14 18 | 18.8
Hexes          | 2 5 6 7 |  7.2
Translocations | 2 4 5 6 |  6.0
Fire Magic     | 1 5 13 14 | 14.3
Evocations     | 1 2 |  2.5
Armour         | 3 4 |  4.0
Fighting       | 5 6 7 |  7.0
Dodging        | 8 |  8.4
Ice Magic      | 6 |  6.8
Air Magic      | 2 |  2.0
Crossbows      | 2 |  2.1
Stealth        | |  2.4

Action                   |  1- 3 |  4- 6 |  7- 9 | 10-12 | 13-15 || total
-------------------------+-------+-------+-------+-------+-------++-------
Melee: Dagger            |       |    26 |    42 |    52 |   126 ||   246
 Cast: Magic Dart        |    61 |   101 |    85 |    37 |     2 ||   286
       Searing Ray       |     1 |    13 |    37 |    26 |    21 ||    98
       Iskenderun's Myst |       |     2 |    20 |    34 |    54 ||   110
       Foxfire           |       |       |    12 |     2 |       ||    14
       Fulminant Prism   |       |       |     6 |    25 |     4 ||    35
       Freezing Cloud    |       |       |       |    16 |    17 ||    33
       Fireball          |       |       |       |    70 |   131 ||   201
       Orb of Destructio |       |       |       |       |   154 ||   154
Evoke: Wand              |       |       |       |     1 |       ||     1
  Use: Scroll            |       |    13 |     3 |    10 |     7 ||    33
       Potion            |       |     2 |     1 |       |     1 ||     4
 Stab: Sleeping          |       |       |       |       |     1 ||     1
Armor: Robe              |     1 |     6 |    10 |       |       ||    17
       Steam dragon scal |       |       |    16 |     5 |       ||    21
       Leather armour    |       |       |       |    22 |    57 ||    79
Dodge: Dodged            |     3 |    22 |   113 |   119 |   243 ||   500
